 Dungeon Crawl Stone Soup version 0.31-a0-188-g5e087ee2ca (webtiles) character file.

Game seed: 84692793991961531

52 qw the Shooter (level 3, -1/20 HPs)
             Began as a Deep Elf Hunter on June 23, 2023.
             Killed from afar by Natasha (5 damage)
             ... with a magic dart
             ... on level 2 of the Dungeon.
             The game lasted 00:00:11 (279 turns).

qw the Shooter (Deep Elf Hunter)                     Turns: 279, Time: 00:00:11

Health: -1/20      AC:  3    Str: 10    XL:     3   Next: 60%
Magic:  5/5        EV: 12    Int: 13    God:
Gold:   44         SH:  0    Dex: 18    Spells: 2/2 levels left

rFire   . . .        a - +0 shortbow
rCold   . . .        (shield currently unavailable)
rNeg    . . .        c - +0 leather armour
rPois   .            (no helmet)
rElec   .            (no cloak)
rCorr   .            (no gloves)
SInv    .            (no boots)
Will    .....        (no amulet)
Stlth   ++           (no ring)
HPRegen 0.23/turn    (no ring)
MPRegen 0.09/turn

%: no passive effects
@: no status effects
A: no striking features
a: no special abilities


You were on level 2 of the Dungeon.
You visited 1 branch of the dungeon, and saw 2 of its levels.

You collected 67 gold pieces.
You spent 23 gold pieces at shops.


   Skills:
 - Level 1.5 Fighting
 + Level 7.1 Ranged Weapons
 - Level 2.4 Dodging
 - Level 1.2 Stealth


You had 2 spell levels left.
You didn't know any spells.
Your spell library was empty.

Inventory:

Hand Weapons
 a - a +0 shortbow (weapon)
Armour
 c - a +0 leather armour (worn)
 j - a +0 cloak
 k - a +0 ring mail
Jewellery
 f - a ring of protection from fire
Scrolls
 b - a scroll of butterflies
 g - a scroll of blinking {unknown}
 h - a scroll of acquirement {unknown}
Potions
 d - a potion of berserk rage {unknown}
 e - a potion of haste {unknown}
 i - a potion of heal wounds {unknown}

Dungeon Overview and Level Annotations

Branches:
Dungeon (1/15)

Altars:

Shops:
D:1 *

Annotations:
D:2 Natasha


Message History

Natasha screams in fury as she dies!
The cerulean imp disappears in a puff of smoke!
Your Ranged Weapons skill increases to level 7!
You have reached level 3!
Your experience leads to an increase in your attributes!
Increase (S)trength, (I)ntelligence, or (D)exterity?
You feel stronger. x2
You start resting.
HP restored.
A bat comes into view.
Enter note: You shoot an arrow.
The arrow hits the bat!
You kill the bat!
A frilled lizard comes into view.
Enter note: You shoot an arrow.
The arrow hits the frilled lizard.
You kill the frilled lizard!
You see here a frilled lizard corpse.
Natasha, Servant of Life and Death comes into view.
Enter note: You shoot an arrow.
Natasha hisses angrily.
The arrow hits Natasha but does no damage.
Natasha stares at you and mumbles some strange words.
The magic dart hits you!
You shoot an arrow. The arrow hits Natasha.
Natasha is moderately wounded.
You shoot an arrow. The arrow hits Natasha.
Natasha is severely wounded.
Natasha casts a spell at you. The magic dart hits you!
You shoot an arrow. The arrow hits Natasha.
Natasha is severely wounded.
Natasha stares at you and mumbles some strange words.
The magic dart hits you.
You shoot an arrow. The arrow closely misses Natasha.
You shoot an arrow. The arrow barely misses Natasha.
Natasha stares at you and mumbles some strange words.
The magic dart hits you.
You die...

#### ..# ########## #.#
#.# #........#
.....##?#####.#.#####.#
#?...h.@...%.###.# #.#
#.##.##.#####.#.## #.#
#..#. #.# ##.## #.# ...
..# ########.## ...
##########......... #.#
#.%......###.#.#. #.#
#........###.#.#.
###.#####........##....#.
#................##..#.#.


You could see Natasha.

Vanquished Creatures
  Natasha (D:2)
  An adder (D:2)
  An endoplasm (D:2)
  A goblin (D:1)
  2 hobgoblins
  2 kobolds (D:1)
  A quokka (D:1)
  4 ball pythons (D:1)
  2 bats
  2 frilled lizards
  3 rats
20 creatures vanquished.

Notes
Turn   | Place    | Note
-------+----------+-------------------------------------------
     0 | D:1      | qw the Deep Elf Hunter began the quest for the Orb.
     0 | D:1      | Reached XP level 1. HP: 12/12 MP: 3/3
     0 | D:1      | 0 ||| qw: Version: 0.3-a-9-g12657ce
     0 | D:1      | 0 ||| qw: Game counter: 3518
     0 | D:1      | 0 ||| qw: Always use a shield: true
     0 | D:1      | 0 ||| qw: God list: Okawaru
     0 | D:1      | 0 ||| qw: Allow faded altars: false
     0 | D:1      | 0 ||| qw: Do Orc after D:15 true
     0 | D:1      | 0 ||| qw: Do second Lair branch before Depths: true
     0 | D:1      | 0 ||| qw: Lair rune preference: random
     0 | D:1      | 0 ||| qw: Plans: Normal
     0 | D:1      | 0 ||| PLANNING D:1-11
    70 | D:1      | Found Jaiwnyes's Assorted Antiques.
    85 | D:1      | 85 ||| BUYING fizzy yellow potion (23 gold).
    85 | D:1      | Bought a fizzy yellow potion for 23 gold pieces
    85 | D:1      | 85 ||| SHOPLISTING runed leather armour (130 gold, have
                  | 10).
    85 | D:1      | 85 ||| SHOPLISTING scroll labelled BOCSOP TEYDOA (26 gold,
                  | have 10).
    85 | D:1      | 85 ||| SHOPLISTING scroll labelled WOUPNEBIWN (26 gold,
                  | have 10).
    85 | D:1      | 85 ||| SHOPLISTING white potion (23 gold, have 10).
   117 | D:1      | Reached XP level 2. HP: 16/16 MP: 4/4
   120 | D:1      | Reached skill level 6 in Ranged Weapons
   131 | D:1      | You fall into a shaft and drop 1 floor!
   216 | D:2      | Noticed Natasha
   225 | D:2      | Killed Natasha
   226 | D:2      | Reached skill level 7 in Ranged Weapons
   226 | D:2      | Reached XP level 3. HP: 19/20 MP: 5/5
   273 | D:2      | Noticed Natasha
   277 | D:2      | HP: 4/20 [Natasha/magic dart (3)]
   279 | D:2      | Killed from afar by Natasha

Levels and vault maps discovered:
D:1:      lemuel_arrival_muddy, layout_rooms, serial_shops,
          nicolae_lakefront_shop, ebering_ecumenical_altar_abandoned
D:2:      layout_loops_cross, uniq_natasha

Skill      XL: |  1  2 |
---------------+-------+-----
Ranged Weapons | 7 |  7.1
Fighting       | |  1.5
Dodging        | |  2.4
Stealth        | |  1.2

Action                     || total
---------------------------++-------
   Fire: Shortbow          ||    50
 Armour: Leather armour    ||     4
  Dodge: Dodged            ||     5

Table legend:
 A = Non-vault XP
 B = Vault XP
 C = Vault XP percentage of total XP
 D = Non-vault monster count
 E = Vault monster count
 F = Vault count percentage of total count
                 A         B        C        D         E       F
            +---------+---------+-------+---------+---------+-------
      Total |      40 |      35 |  46.7 |      19 |       1 |   5.0
            +---------+---------+-------+---------+---------+-------
        D:1 |      18 |       0 |   0.0 |      12 |       0 |   0.0
        D:2 |      22 |      35 |  61.4 |       7 |       1 |  12.5
            +---------+---------+-------+---------+---------+-------
